TOP OF THE 1ST |
San Francisco Bandits batting - Pitching for Seattle Pikes : RHP Jesús Suárez
|
Pitching: RHP Jesús Suárez
|
|
Batting: RHB Pete Rideout
|
0-0: Called Strike 0-1: Ball 1-1: Fly out, F9 (Flyball, 89S)
|
Batting: RHB Ramón Ruíz
|
0-0: Ball 1-0: Ball 2-0: Ground out 3-1 (Groundball, 34S)
|
Batting: LHB Francisco Calderón
|
0-0: Ball 1-0: Called Strike 1-1: TRIPLE (Flyball, 9LM)
|
Batting: RHB Cory Foster
|
0-0: Called Strike 0-1: Swinging Strike 0-2: Ball 1-2: Ball 2-2: Strikes out looking
|
Top of the 1st over - 0 run(s), 1 hit(s), 0 error(s), 1 left on base; San Francisco 0 - Seattle 0 |
BOTTOM OF THE 1ST |
Seattle Pikes batting - Pitching for San Francisco Bandits : LHP António Coronado
|
Pitching: LHP António Coronado
|
|
Batting: RHB Manuel Rico
|
0-0: Ball 1-0: Foul Ball, location: 2F 1-1: Ball 2-1: Ground out 4-3 (Groundball, 34)
|
Batting: RHB Randy Sheppard
|
0-0: Ball 1-0: Foul Ball, location: 2F 1-1: Fly out, F8 (Flyball, 8LM)
|
Batting: RHB António Ortega
|
0-0: Called Strike 0-1: Called Strike 0-2: Foul Ball, location: 2F 0-2: Foul Ball, location: 2F 0-2: SINGLE (Groundball, 6MD)
|
Batting: RHB Dennis Stephenson
|
0-0: Ball 1-0: DOUBLE (Flyball, 8RXD) António Ortega to third
|
Batting: RHB Rafael Rincón
|
0-0: Ball 1-0: Fly out, F8 (Flyball, 8LD)
|
Bottom of the 1st over - 0 run(s), 2 hit(s), 0 error(s), 2 left on base; San Francisco 0 - Seattle 0 |
TOP OF THE 2ND |
San Francisco Bandits batting - Pitching for Seattle Pikes : RHP Jesús Suárez
|
Batting: LHB John Peterson
|
0-0: Ball 1-0: Foul Ball, location: 2F 1-1: Foul Ball, location: 2F 1-2: Ball 2-2: Ground out 4-3 (Groundball, 4S)
|
Batting: RHB Michael Elliott
|
0-0: Ball 1-0: Called Strike 1-1: Swinging Strike 1-2: Fly out, F8 (Flyball, 8RD)
|
Batting: RHB Susumu Sugiyama
|
0-0: Fly out, F7 (Flyball, 78D)
|
Top of the 2nd over - 0 run(s), 0 hit(s), 0 error(s), 0 left on base; San Francisco 0 - Seattle 0 |
BOTTOM OF THE 2ND |
Seattle Pikes batting - Pitching for San Francisco Bandits : LHP António Coronado
|
Batting: RHB John Anderson
|
0-0: Called Strike 0-1: Ball 1-1: Foul Ball, location: 2F 1-2: Foul Ball, location: 2F 1-2: Ball 2-2: Ground out 4-3 (Groundball, 4)
|
Batting: RHB George Howard
|
0-0: Foul Ball, location: 2F 0-1: Ball 1-1: Fly out, F9 (Flyball, 9M)
|
Batting: LHB Bruno Lalonde
|
0-0: Ground out 6-3 (Groundball, 6M)
|
Bottom of the 2nd over - 0 run(s), 0 hit(s), 0 error(s), 0 left on base; San Francisco 0 - Seattle 0 |
TOP OF THE 3RD |
San Francisco Bandits batting - Pitching for Seattle Pikes : RHP Jesús Suárez
|
Batting: RHB Jorge Díaz
|
0-0: Ball 1-0: Ball 2-0: Ball 3-0: Base on Balls
|
Batting: LHB Charles-Antoine Champagne
|
0-0: Ball 1-0: Called Strike 1-1: Swinging Strike 1-2: SINGLE (Flyball, 8LS) Jorge Díaz to second
|
Batting: RHB Pete Rideout
|
0-0: Ball 1-0: Foul Ball, location: 2F 1-1: Foul Ball, location: 2F 1-2: SINGLE (Line Drive, 7S) Jorge Díaz to third Charles-Antoine Champagne to second
|
Batting: RHB Ramón Ruíz
|
0-0: Called Strike 0-1: Foul Ball, location: 2F 0-2: Ball 1-2: Ball 2-2: Grounds into fielders choice 1-2 (Groundball, 15) Charles-Antoine Champagne to third Pete Rideout to second
|
Batting: LHB Francisco Calderón
|
0-0: Called Strike 0-1: Foul Ball, location: 2F 0-2: Foul Ball, location: 2F 0-2: Ball 1-2: Foul Ball, location: 2F 1-2: Fly out, F3 (Line Drive, 3)
|
Batting: RHB Cory Foster
|
0-0: Ground out 1-3 (Groundball, 25)
|
Top of the 3rd over - 0 run(s), 2 hit(s), 0 error(s), 3 left on base; San Francisco 0 - Seattle 0 |
BOTTOM OF THE 3RD |
Seattle Pikes batting - Pitching for San Francisco Bandits : LHP António Coronado
|
Batting: SHB Jong-min Kim
|
0-0: Called Strike 0-1: Ball 1-1: Ball 2-1: Fly out, F7 (Flyball, 7S)
|
Batting: RHB Manuel Rico
|
0-0: Ball 1-0: Ground out 5-3 (Groundball, 56)
|
Batting: RHB Randy Sheppard
|
0-0: Ball 1-0: Ball 2-0: Ground out 3-1 (Groundball, 3)
|
Bottom of the 3rd over - 0 run(s), 0 hit(s), 0 error(s), 0 left on base; San Francisco 0 - Seattle 0 |
TOP OF THE 4TH |
San Francisco Bandits batting - Pitching for Seattle Pikes : RHP Jesús Suárez
|
Batting: LHB John Peterson
|
0-0: Called Strike 0-1: Fly out, F9 (Flyball, 9S)
|
Batting: RHB Michael Elliott
|
0-0: Called Strike 0-1: DOUBLE (Flyball, 7D)
|
Batting: RHB Susumu Sugiyama
|
0-0: Ball 1-0: Swinging Strike 1-1: Ground out 5-3 (Groundball, 56)
|
Batting: RHB Jorge Díaz
|
0-0: Ball 1-0: Called Strike 1-1: Ball 2-1: Called Strike 2-2: Strikes out swinging
|
Top of the 4th over - 0 run(s), 1 hit(s), 0 error(s), 1 left on base; San Francisco 0 - Seattle 0 |
BOTTOM OF THE 4TH |
Seattle Pikes batting - Pitching for San Francisco Bandits : LHP António Coronado
|
Batting: RHB António Ortega
|
0-0: Ball 1-0: Ground out 5-3 (Groundball, 56)
|
Batting: RHB Dennis Stephenson
|
0-0: Ball 1-0: Ball 2-0: Ball 3-0: Foul Ball, location: 2F 3-1: Foul Ball, location: 2F 3-2: Strikes out swinging
|
Batting: RHB Rafael Rincón
|
0-0: Ball 1-0: SINGLE (Line Drive, 78M)
|
Batting: RHB John Anderson
|
0-0: Called Strike 0-1: SINGLE (Groundball, 4MD) Rafael Rincón to second
|
Batting: RHB George Howard
|
0-0: Ball 1-0: Ball Passed Ball! Rafael Rincón to third John Anderson to second 2-0: DOUBLE (Line Drive, 9LS) Rafael Rincón scores John Anderson scores
|
Batting: LHB Bruno Lalonde
|
0-0: Ball 1-0: Swinging Strike 1-1: Ball 2-1: Foul Ball, location: 2F 2-2: Fly out, F5 (Flyball, 7LMF)
|
Bottom of the 4th over - 2 run(s), 3 hit(s), 0 error(s), 1 left on base; San Francisco 0 - Seattle 2 |
TOP OF THE 5TH |
San Francisco Bandits batting - Pitching for Seattle Pikes : RHP Jesús Suárez
|
Batting: LHB Charles-Antoine Champagne
|
0-0: Called Strike 0-1: Ball 1-1: Called Strike 1-2: Foul Ball, location: 2F 1-2: Foul Ball, location: 2F 1-2: Foul Ball, location: 2F 1-2: Foul Ball, location: 2F 1-2: Ball 2-2: SOLO HOME RUN (Flyball, 78XD), Distance : 446 ft
|
Batting: RHB Pete Rideout
|
0-0: Ball 1-0: Foul Ball, location: 2F 1-1: Foul Ball, location: 2F 1-2: SINGLE (Line Drive, 56D)
|
Batting: RHB Ramón Ruíz
|
0-0: Ball 1-0: SINGLE (Groundball, 34S) Pete Rideout to second Runner from 2nd tries for 3rd, SAFE, no throw or cutoff
|
Batting: LHB Francisco Calderón
|
0-0: DOUBLE (Line Drive, 7LS) Pete Rideout scores Ramón Ruíz to third
|
Batting: RHB Cory Foster
|
0-0: Foul Ball, location: 2F 0-1: Foul Ball, location: 2F 0-2: Ball 1-2: Reached on error, E3 (Groundball, 3S) Ramón Ruíz scores Francisco Calderón to third
|
Batting: LHB John Peterson
|
0-0: Called Strike Cory Foster is caught stealing 2nd base 0-1: Fly out, F7 (Popup, 6D)
|
Batting: RHB Michael Elliott
|
0-0: Called Strike 0-1: Ball 1-1: Foul Ball, location: 2F 1-2: DOUBLE (Line Drive, 3D) Francisco Calderón scores
|
Batting: RHB Susumu Sugiyama
|
0-0: Ground out 1-3 (Groundball, 15)
|
Top of the 5th over - 4 run(s), 5 hit(s), 1 error(s), 1 left on base; San Francisco 4 - Seattle 2 |
BOTTOM OF THE 5TH |
Seattle Pikes batting - Pitching for San Francisco Bandits : LHP António Coronado
|
Batting: SHB Jong-min Kim
|
0-0: Called Strike 0-1: Ball 1-1: Foul Ball, location: 2F 1-2: Ground out 5-3 (Groundball, 5)
|
Batting: RHB Manuel Rico
|
0-0: Ground out 6-3 (Groundball, 6)
|
Batting: RHB Randy Sheppard
|
0-0: Called Strike 0-1: Swinging Strike 0-2: Foul Ball, location: 2F 0-2: Ball 1-2: Strikes out swinging
|
Bottom of the 5th over - 0 run(s), 0 hit(s), 0 error(s), 0 left on base; San Francisco 4 - Seattle 2 |
TOP OF THE 6TH |
San Francisco Bandits batting - Pitching for Seattle Pikes : RHP Jesús Suárez
|
Pitching: RHP Ernesto Beltrán
|
|
Batting: RHB Jorge Díaz
|
0-0: Ball 1-0: Called Strike 1-1: Called Strike 1-2: Foul Ball, location: 2F 1-2: SOLO HOME RUN (Flyball, 78XD), Distance : 451 ft
|
Batting: LHB Charles-Antoine Champagne
|
0-0: Swinging Strike 0-1: Ball 1-1: Foul Ball, location: 2F 1-2: Ball 2-2: Ball 3-2: DOUBLE (Line Drive, 9LM)
|
Batting: RHB Pete Rideout
|
0-0: Fly out, F5 (Popup, 5F)
|
Batting: RHB Ramón Ruíz
|
0-0: Ball 1-0: Called Strike 1-1: Foul Ball, location: 2F 1-2: Ground out 6-3 (Groundball, 6M) Charles-Antoine Champagne to third
|
Batting: LHB Francisco Calderón
|
0-0: Called Strike 0-1: Ball 1-1: Ball 2-1: Ball 3-1: Foul Ball, location: 2F 3-2: Base on Balls
|
Batting: RHB Cory Foster
|
0-0: 3-RUN HOME RUN (Flyball, 78XD), Distance : 452 ft
|
Pitching: RHP Jesús Mendoza
|
|
Batting: LHB John Peterson
|
0-0: Fly out, F7 (Flyball, 7S)
|
Top of the 6th over - 4 run(s), 3 hit(s), 0 error(s), 0 left on base; San Francisco 8 - Seattle 2 |
BOTTOM OF THE 6TH |
Seattle Pikes batting - Pitching for San Francisco Bandits : LHP António Coronado
|
Batting: RHB António Ortega
|
0-0: Ball 1-0: Ball 2-0: SINGLE (Groundball, 6MD)
|
Batting: RHB Dennis Stephenson
|
0-0: Swinging Strike 0-1: DOUBLE (Flyball, 8LXD) António Ortega to third
|
Batting: RHB Rafael Rincón
|
0-0: Ball 1-0: Fly out, F9 (Flyball, 9D) Runner from 3rd tags up, OUT at HOME Dennis Stephenson to third
|
Batting: RHB John Anderson
|
0-0: Ball 1-0: Ball 2-0: Ball 3-0: Called Strike 3-1: Swinging Strike 3-2: Foul Ball, location: 2F 3-2: Ground out 4-3 (Groundball, 13)
|
Bottom of the 6th over - 0 run(s), 2 hit(s), 0 error(s), 1 left on base; San Francisco 8 - Seattle 2 |
TOP OF THE 7TH |
San Francisco Bandits batting - Pitching for Seattle Pikes : RHP Jesús Mendoza
|
Batting: RHB Michael Elliott
|
0-0: Called Strike 0-1: DOUBLE (Line Drive, 5L)
|
Batting: RHB Susumu Sugiyama
|
0-0: Ball 1-0: Ball 2-0: Bunt missed! 2-1: Sac Bunt - play at first, batter OUT! 3-4 Michael Elliott to third
|
Batting: RHB Jorge Díaz
|
0-0: Ball 1-0: SINGLE (Line Drive, 7LS) Michael Elliott scores
|
Batting: LHB Charles-Antoine Champagne
|
0-0: Ball 1-0: Swinging Strike 1-1: SINGLE (Line Drive, 6M) Jorge Díaz to second
|
Batting: RHB Pete Rideout
|
0-0: Ball 1-0: Ball 2-0: Ball 3-0: Base on Balls Jorge Díaz to third Charles-Antoine Champagne to second
|
Batting: RHB Ramón Ruíz
|
0-0: Ball 1-0: Swinging Strike 1-1: Foul Ball, location: 2F 1-2: Ball 2-2: Foul Ball, location: 2F 2-2: Fly out, F7 (Flyball, 78D) Runner from 3rd tags up, SCORES, no throw
|
Batting: LHB Francisco Calderón
|
0-0: Called Strike 0-1: Foul Ball, location: 2F 0-2: Ball 1-2: Foul Ball, location: 2F 1-2: Fly out, F4 (Popup, 34)
|
Top of the 7th over - 2 run(s), 3 hit(s), 0 error(s), 2 left on base; San Francisco 10 - Seattle 2 |
BOTTOM OF THE 7TH |
Seattle Pikes batting - Pitching for San Francisco Bandits : LHP António Coronado
|
Batting: RHB George Howard
|
0-0: Ground out 1-3 (Groundball, 25)
|
Batting: LHB Bruno Lalonde
|
0-0: Ball 1-0: Bunted foul 1-1: Foul Ball, location: 2F 1-2: SINGLE (Groundball, 4M)
|
Batting: SHB Jong-min Kim
|
0-0: Ball 1-0: Foul Ball, location: 2F 1-1: Called Strike 1-2: Ball Bruno Lalonde steals 2nd base 2-2: Foul Ball, location: 2F 2-2: SINGLE (Groundball, 5) Bruno Lalonde to third Runner from 3rd tries for Home, throw and OUT!
|
Batting: RHB Manuel Rico
|
0-0: Fly out, F8 (Flyball, 8RXD)
|
Bottom of the 7th over - 0 run(s), 2 hit(s), 0 error(s), 1 left on base; San Francisco 10 - Seattle 2 |
TOP OF THE 8TH |
San Francisco Bandits batting - Pitching for Seattle Pikes : RHP Jesús Mendoza
|
Batting: RHB Cory Foster
|
0-0: Called Strike 0-1: Swinging Strike 0-2: Ball 1-2: Ball 2-2: Strikes out swinging
|
Batting: LHB John Peterson
|
0-0: Foul Ball, location: 2F 0-1: Foul Ball, location: 2F 0-2: Ball 1-2: Foul Ball, location: 2F 1-2: Ball 2-2: Ball 3-2: Ground out 4-3 (Groundball, 4)
|
Batting: RHB Michael Elliott
|
0-0: Ball 1-0: Called Strike 1-1: Ball 2-1: Fly out, F9 (Flyball, 9LD)
|
Top of the 8th over - 0 run(s), 0 hit(s), 0 error(s), 0 left on base; San Francisco 10 - Seattle 2 |
BOTTOM OF THE 8TH |
Seattle Pikes batting - Pitching for San Francisco Bandits : LHP António Coronado
|
Pitching: RHP José Rivera
|
|
Batting: RHB Randy Sheppard
|
0-0: Foul Ball, location: 2F 0-1: Ball 1-1: Ground out 6-3 (Groundball, 6)
|
Batting: RHB António Ortega
|
0-0: Ball 1-0: Ball 2-0: Called Strike 2-1: Foul Ball, location: 2F 2-2: Ground out 5-3 (Groundball, 5S)
|
Batting: RHB Dennis Stephenson
|
0-0: Swinging Strike 0-1: Ball 1-1: Foul Ball, location: 2F 1-2: Foul Ball, location: 2F 1-2: Ball 2-2: Fly out, F6 (Line Drive, 6M)
|
Bottom of the 8th over - 0 run(s), 0 hit(s), 0 error(s), 0 left on base; San Francisco 10 - Seattle 2 |
TOP OF THE 9TH |
San Francisco Bandits batting - Pitching for Seattle Pikes : RHP Jesús Mendoza
|
Batting: RHB Susumu Sugiyama
|
0-0: Ball 1-0: Foul Ball, location: 2F 1-1: Ball 2-1: Foul Ball, location: 2F 2-2: Ground out 5-3 (Groundball, 5L)
|
Batting: RHB Jorge Díaz
|
0-0: Ball 1-0: Foul Ball, location: 2F 1-1: SINGLE (Line Drive, 4)
|
Pitching: LHP John Whitaker
|
|
Batting: LHB Charles-Antoine Champagne
|
0-0: Called Strike 0-1: Foul Ball, location: 2F 0-2: Strikes out swinging
|
Batting: RHB Pete Rideout
|
0-0: Swinging Strike 0-1: Called Strike 0-2: Strikes out looking
|
Top of the 9th over - 0 run(s), 1 hit(s), 0 error(s), 1 left on base; San Francisco 10 - Seattle 2 |
BOTTOM OF THE 9TH |
Seattle Pikes batting - Pitching for San Francisco Bandits : RHP José Rivera
|
Now at 1B: Culley Douglas
|
|
Batting: RHB Rafael Rincón
|
0-0: Ground out 5-3 (Groundball, 5)
|
Batting: RHB John Anderson
|
0-0: Ball 1-0: Called Strike 1-1: Swinging Strike 1-2: Strikes out swinging
|
Batting: RHB George Howard
|
0-0: Ball 1-0: Ball 2-0: SINGLE (Groundball, 15) (infield hit)
|
Batting: LHB Bruno Lalonde
|
0-0: Ball 1-0: Fly out, F7 (Flyball, 7M)
|
Bottom of the 9th over - 0 run(s), 1 hit(s), 0 error(s), 1 left on base; San Francisco 10 - Seattle 2 |
|